 Dungeon Crawl Stone Soup version 0.26-a0-652-gafc20e3620 (webtiles) character file.

Game seed: 5118600500014907800

340 smeego the Skirmisher (level 6, -2/43 HPs)
             Began as an Octopode Fighter on Oct 3, 2020.
             Slain by a gnoll
             ... wielding a +0 halberd
              (13 damage)
             ... on level 3 of the Dungeon.
             The game lasted 00:03:06 (2749 turns).

smeego the Skirmisher (Octopode Fighter)            Turns: 2749, Time: 00:03:06

Health: -2/43      AC:  1    Str: 16    XL:     6   Next: 56%
Magic:  6/6        EV: 12    Int: 12    God:
Gold:   138        SH:  0    Dex: 11    Spells: 5/5 levels left

rFire    . . .     SeeInvis .   a - +0 long sword
rCold    . . .     Faith    .   b - +0 kite shield
rNeg     . . .     Spirit   .   (helmet restricted)
rPois    .         Reflect  .   (no amulet)
rElec    .         Harm     .   (no ring)
rCorr    .         Rampage  .   (no ring)
MR       .....                  (no ring)
Stlth    ++........             (no ring)
HPRegen  0.14/turn              (no ring)
MPRegen  0.10/turn              (no ring)
                                (no ring)
                                (no ring)

@: confused
A: almost no armour, stealthy swim, amphibious, 8 rings, constrict 8, camouflage
1, gelatinous body 1
a: no special abilities


You were on level 3 of the Dungeon.
You visited 1 branch of the dungeon, and saw 3 of its levels.

You collected 138 gold pieces.

Inventory:

Hand Weapons
 a - a +0 long sword (weapon)
 e - a +0 dagger
 i - a +0 hunting sling of freezing
Missiles
 g - 8 atropa-tipped darts
 k - 8 javelins (quivered)
 p - 3 boomerangs
Armour
 b - a +0 kite shield (worn)
Scrolls
 f - a scroll of fear {unknown}
 h - 2 scrolls of amnesia {unknown}
 j - 2 scrolls of teleportation {unknown}
 m - 3 scrolls of remove curse {unknown}
 o - 2 scrolls of enchant armour {unknown}
Potions
 c - a potion of might
 d - 3 potions of stabbing
 l - 2 potions of flight


   Skills:
 + Level 3.7 Fighting
 * Level 3.7 Long Blades
 + Level 2.0 Throwing
 + Level 3.7 Dodging
 + Level 3.1 Stealth
 + Level 3.6 Shields
 + Level 1.9 Unarmed Combat


You had 5 spell levels left.
You didn't know any spells.
Your spell library was empty.

Dungeon Overview and Level Annotations

Branches:
Dungeon (3/15)

Altars:
Okawaru

Annotations:
D:3 Terence


Innate Abilities, Weirdness & Mutations

You cannot wear most types of armour.
You are very stealthy in the water. (Stealth+)
You are amphibious.
You can wear up to eight rings at the same time.
You can use your tentacles to constrict eight enemies at once.
Your skin changes colour to match your surroundings (Stealth+).
Your rubbery body absorbs attacks. (AC +1, EV +1)


Message History

You're too confused!
The gnoll barely misses you.
The orc wizard gestures at you while chanting.
The magic dart hits you! The orc hits you with a +0 whip.
The gnoll hits you from afar with a +0 halberd.
You feel less confused.
Okay, then.
Okay, then.
The orc hits you but does no damage.
The orc wizard hits you with a +0 dagger.
* * * LOW HITPOINT WARNING * * *
You block the gnoll's attack.
The orc wizard points at you and mumbles some strange words.
You are confused.
The orc wizard mumbles some strange words.
The orc wizard flickers and vanishes!
You're too confused to move!
The orc completely misses you.
The gnoll hits you from afar with a +0 halberd!
You die...

#..(................
#................o..
#................o..
#...............#...
#.......(.......#..(
#...............# ..
#........g......#
#.......o..##'###
#........@.'.....
#..........#.....
##########.# ....
####.# ### # #....#
....##.##### #######
#.......[.# #......
#..##..##.###
#...... #.
##.##...######......


You could see a gnoll and an orc.

Vanquished Creatures
  Grinder (D:3)
  A gnoll (D:3)
  4 adders
  4 worms
  3 dart slugs
  2 leopard geckos
  4 orcs (D:3)
  4 giant cockroaches
  9 goblins
  10 hobgoblins
  4 jackals (D:1)
  10 kobolds
  4 ball pythons
  6 bats
  5 frilled lizards
  9 rats
80 creatures vanquished.

Notes
Turn   | Place    | Note
-------+----------+-------------------------------------------
     0 | D:1      | smeego the Octopode Fighter began the quest for the Orb.
     0 | D:1      | Reached XP level 1. HP: 16/16 MP: 1/1
    76 | D:1      | Reached XP level 2. HP: 20/21 MP: 2/2
   215 | D:1      | Reached skill level 1 in Stealth
   493 | D:1      | Reached XP level 3. HP: 23/26 MP: 3/3
  1012 | D:2      | Reached skill level 1 in Throwing
  1017 | D:2      | Reached skill level 1 in Unarmed Combat
  1236 | D:2      | Found an iron altar of Okawaru.
  1240 | D:2      | Reached XP level 4. HP: 29/31 MP: 4/4
  1869 | D:3      | Reached XP level 5. HP: 31/36 MP: 5/5
  2131 | D:3      | Noticed Grinder
  2133 | D:3      | Paralysed by Grinder for 4 turns
  2141 | D:3      | Killed Grinder
  2141 | D:3      | Reached XP level 6. HP: 15/43 MP: 6/6
  2686 | D:3      | Noticed Terence
  2749 | D:3      | Slain by a gnoll

Illustrated notes

Levels and vault maps discovered:
D:1:      eino_arrival_tree_alley, layout_basic
D:2:      layout_rooms, okawaru_ov_weapons_minmay
D:3:      layout_basic, uniq_grinder, uniq_terence

Skill      XL: |  1  2  3  4  5  6 |
---------------+-------------------+-----
Stealth        | 1 2 3 |  3.1
Throwing       | 1 2 |  2.0
Unarmed Combat | 1 |  1.9
Long Blades    | 3 |  3.7
Fighting       | |  3.7
Dodging        | |  3.7
Shields        | |  3.6

Action                   |  1- 3 |  4- 6 || total
-------------------------+-------+-------++-------
Melee: Long sword        |    76 |    56 ||   132
       Constrict         |    28 |    24 ||    52
       Tentacles         |    12 |    18 ||    30
       Punch             |       |     1 ||     1
  Use: Scroll            |       |     2 ||     2
       Potion            |       |     2 ||     2
 Stab: Sleeping          |     4 |     5 ||     9
Armor: Skin              |    11 |     2 ||    13
Dodge: Dodged            |    39 |    37 ||    76
Block: Kite shield       |    36 |    28 ||    64
       Rpst.: Long sword |    15 |    12 ||    27

Table legend: (Time is in decaauts)
 A = Elapsed time spent in this place.
 B = Non-inter-level travel time spent in this place.
 C = Inter-level travel time spent in this place.
 D = Time resting spent in this place.
 E = Time spent auto-exploring this place.
 F = Levels seen in this place.
 G = Mean time per level.
                   A        B        C        D        E       F      G
               +--------+--------+--------+--------+--------+-----+--------+
         Total |   2793 |   2696 |     97 |    738 |   1407 |   3 |  931.0 |
       Dungeon |   2793 |   2696 |     97 |    738 |   1407 |   3 |  931.0 |
               +--------+--------+--------+--------+--------+-----+--------+

Top non-repeatable levels by time:
     D:1: 1019 daAuts
     D:3: 899 daAuts
     D:2: 874 daAuts
